 Dungeon Crawl Stone Soup version 0.21-a0-201-g8501b10 (webtiles) character file.

53 Cecillian the Bolt Thrower (level 3, -3/28 HPs)
             Began as a Demonspawn Hunter on Aug 18, 2017.
             Slain by a worm (8 damage)
             ... on level 2 of the Dungeon.
             The game lasted 00:02:55 (1860 turns).

Cecillian the Bolt Thrower (Demonspawn Hunter)      Turns: 1860, Time: 00:02:56

Health: -3/28      AC:  6    Str: 12    XL:     3   Next: 64%
Magic:  3/3        EV: 12    Int: 10    God:
Gold:   87         SH:  0    Dex: 14    Spells: 2/2 levels left

rFire    . . .     SeeInvis .   b - +0 short sword
rCold    . . .     Gourm    .   (no shield)
rNeg     . . .     Faith    .   c - +0 leather armour
rPois    .         Spirit   .   (no helmet)
rElec    .         Reflect  .   (no cloak)
rCorr    .         Harm     .   p - +0 pair of gloves
MR       .....                  (no boots)
Stlth    +.........             (no amulet)
HPRegen  0.09/turn              j - -2 ring of intelligence (curse)
MPRegen  0.08/turn              (no ring)

@: no status effects
A: molten scales 1, powered by pain 1
a: no special abilities


You were on level 2 of the Dungeon.
You were not hungry.

You visited 1 branch of the dungeon, and saw 2 of its levels.

You collected 87 gold pieces.

Inventory:

Hand Weapons
 a - a +1 hand crossbow
 b - a +0 short sword (weapon)
Missiles
 d - 20 bolts
 l - 48 stones (quivered)
Armour
 c - a +0 leather armour (worn)
 k - a +0 ring mail
 p - a +0 pair of gloves (worn)
Jewellery
 j - a cursed -2 ring of intelligence (left hand)
Scrolls
 e - a scroll of enchant weapon {unknown}
 h - a scroll of enchant armour {unknown}
 o - a scroll of amnesia {unknown}
 q - a scroll of remove curse {unknown}
 r - a scroll of teleportation
 s - 3 scrolls of identify {unknown}
 u - a scroll of fear {unknown}
Potions
 i - a potion of magic {unknown}
 m - a potion of curing {unknown}
 n - a potion of mutation {unknown}
 t - a potion of agility {unknown}
Comestibles
 f - 3 bread rations
 g - 7 fruits
 v - 3 chunks of flesh


   Skills:
 + Level 2.7 Fighting
 + Level 3.9 Crossbows
 + Level 2.8 Dodging
 - Level 0.8 Stealth


You had 2 spell levels left.
You didn't know any spells.

Dungeon Overview and Level Annotations

Branches:
Dungeon (2/15)

Altars:


Innate Abilities, Weirdness & Mutations

You are partially covered in molten scales. (AC +2)
You sometimes gain a little power by taking damage.


Message History

The jackal bites you but does no damage. x2
The bat hits you but does no damage. The jackal barely misses you.
You hit the jackal but do no damage. The bat hits you.
The jackal closely misses you. The jackal completely misses you.
The jackal closely misses you. The bat barely misses you. The worm bites you!
* * * LOW HITPOINT WARNING * * *
You closely miss the jackal. The bat closely misses you.
The jackal completely misses you. The jackal misses you. x2
The jackal bites you.
* * * LOW HITPOINT WARNING * * *
You miss the jackal. The bat hits you but does no damage.
The bat barely misses you. The jackal barely misses you.
The jackal closely misses you. The worm barely misses you.
You hit the jackal.
The jackal is lightly wounded.
The bat closely misses you. The bat hits you but does no damage.
The jackal barely misses you.
The jackal bites you but does no damage.
The worm bites you!
You die...

..# #.# #.#......# #.#
..###
####..#####.#......# #.#
....#
............#......# #.#
....#
............#......# #.#
....#
............###########.#
#####
............#........##.#
............#........##.#
#wh##.#........##.#
##@##.#........##.#
#bh#.#........##.#
##.#.#........##..
#...#........##.#
#####..#........##..
.......>'........'...
.########........##.8
#........##..
#############


You could see a worm, 2 jackals and a bat.

Vanquished Creatures
  An ooze (D:1)
  A dart slug (D:2)
  10 bats
  A giant cockroach (D:1)
  8 goblins
  2 hobgoblins (D:1)
  8 jackals
  A kobold (D:1)
  2 ball pythons (D:1)
  5 frilled lizards
  5 rats
44 creatures vanquished.

Notes
Turn   | Place    | Note
-------+----------+-------------------------------------------
     0 | D:1      | Cecillian the Demonspawn Hunter began the quest for the Orb.
     0 | D:1      | Reached XP level 1. HP: 16/16 MP: 1/1
     4 | D:1      | Noticed a formicid
     6 | D:1      | Noticed a demigod
     6 | D:1      | Noticed a merfolk
     8 | D:1      | Noticed a ghoul
    10 | D:1      | Noticed a demonspawn
    12 | D:1      | Noticed a minotaur
    12 | D:1      | Noticed an elf
    14 | D:1      | Noticed a spriggan
    14 | D:1      | Noticed a halfling
    16 | D:1      | Noticed a troll
    16 | D:1      | Noticed a centaur
    18 | D:1      | Noticed a tengu
    20 | D:1      | Noticed a vine stalker
    20 | D:1      | Noticed a naga
    22 | D:1      | Noticed a vampire
    22 | D:1      | Noticed a draconian
    24 | D:1      | Noticed an ogre
    24 | D:1      | Noticed an octopode
    26 | D:1      | Noticed a felid
    26 | D:1      | Noticed a gargoyle
    28 | D:1      | Noticed a human
    28 | D:1      | Noticed a dwarf
   281 | D:1      | Gained mutation: You are partially covered in molten scales. (AC +2) [demonic ancestry]
   281 | D:1      | Reached XP level 2. HP: 15/22 MP: 2/2
   903 | D:1      | Gained mutation: You sometimes gain a little power by taking damage. [demonic ancestry]
   903 | D:1      | Reached XP level 3. HP: 26/28 MP: 3/3
  1860 | D:2      | Slain by a worm

Vault maps used:
D:1:      kb_arrival_jail, serial_co_window_serial, co_window_paths_b,
          co_window_paths_a, co_window_paths_a, co_window_paths_a,
          co_window_cross_1, co_window_paths_c, co_window_corner_cb,
          co_window_corner_b, co_window_cross_3, co_window_4corner_a,
          glass_columns_c, glass_columns_a
D:2:      first_bread, chequers_ecumenical_altar_twisty,
          hangedman_feature_mirror

Skill      XL: |  1 |
---------------+----+-----
Dodging        | 2 |  2.8
Fighting       | |  2.7
Crossbows      | |  3.9
Stealth        | |  0.8

Action                   || total
-------------------------++-------
Melee: Short sword       ||   152
  Use: Scroll            ||     4
 Stab: Sleeping          ||     3
  Eat: Chunk             ||     3
Armor: Leather armour    ||    86
Dodge: Dodged            ||   161
